AoeStats
← suvdan.77

Black Forest

510384460Analyzed
3v3 RM · 1d ago on Sep 30, 2026· 51m 14s· 6 players
Game mode
Random Map
Map size
Normal (6 player)
Population
200
Speed
Normal
Resources
Standard
Victory
Conquest
Starting age
Dark Age
Ending age
Imperial Age
RankedLock teamsTeams togetherTeam positionsShared explorationLock speedFull tech treeHidden civsTurbo modeCheats
Victory
Defeat
🇭🇺 Persians · Hungary
846
+11
🇭🇺 Spanish · Hungary
805
+12
🇭🇺 Franks · Hungary
602
+21
🇮🇹 Persians · Italy
780
-17
🇮🇹 Khmer · Italy
714
-14
🇮🇹 Vietnamese · Italy
670
-13
andresbuccio
3:26 Loom
12:59 Feudal Age
13:29 Double-Bit Axe
13:27 Horse Collar
16:18 Wheelbarrow
22:31 Castle Age
23:17 Heavy Plow
23:31 Bow Saw
23:34 Stone Mining
23:34 Gold Mining
26:02 Caravan
31:36 Stone Shaft Mining
31:36 Gold Shaft Mining
31:27 Forging
31:07 Fletching
33:47 Hand Cart
33:18 Town Watch
35:08 Town Patrol
37:54 Imperial Age
37:05 Iron Casting
36:30 Scale Mail Armor
36:36 Scale Barding Armor
36:27 Bodkin Arrow
36:32 Padded Archer Armor
36:09 Pikeman
36:49 Squires
36:35 Gambesons
36:36 Arson
37:51 Ballistics
37:27 Murder Holes
37:43 Masonry
37:24 Heated Shot
37:28 Elite Skirmisher
38:14 Thumb Ring
37:30 Crossbowman
38:15 Husbandry
38:26 Bloodlines
39:16 Conscription
40:03 Chemistry
40:28 Blast Furnace
39:43 Chain Mail Armor
40:50 Kamandaran
42:03 Heavy Camel Rider
42:51 Halberdier
44:02 Citadels
44:28 Hoardings
46:05 Plate Mail Armor
45:51 Leather Archer Armor
47:21 Guilds
svizzeros
1:32 Loom
15:00 Feudal Age
15:28 Double-Bit Axe
15:28 Horse Collar
15:44 Stone Mining
15:45 Gold Mining
25:23 Castle Age
26:41 Wheelbarrow
27:38 Caravan
30:19 Pikeman
31:02 Squires
33:30 Bow Saw
34:02 Stone Shaft Mining
33:37 Heavy Plow
36:40 Imperial Age
36:47 Imperial Age
36:14 Ballistics
38:48 Chemistry
37:39 Heated Shot
40:30 Two-Man Saw
39:45 Forging
39:36 Scale Mail Armor
39:23 Halberdier
42:15 Paper Money
41:16 Elite Rattan Archer
43:44 Siege Engineers
49:58 Hoardings
Palanca89
10:10 Loom
12:31 Feudal Age
13:26 Double-Bit Axe
13:25 Horse Collar
15:19 Gold Mining
15:22 Stone Mining
21:51 Castle Age
21:29 Gold Mining
28:22 Heavy Plow
28:35 Bow Saw
35:26 Imperial Age
33:33 Wheelbarrow
32:44 Town Watch
35:44 Husbandry
35:05 Light Cavalry
36:32 Caravan
37:37 Hand Cart
37:24 Town Patrol
36:49 Hussar
37:13 Heavy Scorpion
37:20 Capped Ram
38:35 Scale Mail Armor
38:46 Forging
38:43 Scale Barding Armor
39:39 Gold Shaft Mining
39:42 Stone Shaft Mining
39:46 Crop Rotation
38:54 Siege Ram
40:02 Conscription
40:37 Siege Engineers
41:01 Double Crossbow
41:42 Elite Ballista Elephant
OG Sonic
4:30 Loom
11:41 Feudal Age
15:35 Castle Age
16:35 Double-Bit Axe
21:22 Wheelbarrow
22:18 Bow Saw
23:45 Horse Collar
24:54 Heavy Plow
25:05 Town Watch
25:41 Hand Cart
27:47 Caravan
29:17 Town Patrol
29:32 Bloodlines
29:25 Husbandry
30:59 Light Cavalry
34:14 Imperial Age
32:39 Forging
32:35 Scale Barding Armor
32:21 Fletching
32:32 Padded Archer Armor
32:55 Ballistics
32:31 Murder Holes
33:09 Gold Mining
33:11 Stone Mining
34:33 Iron Casting
34:51 Bodkin Arrow
36:02 Chemistry
34:30 Cavalier
34:37 Hussar
34:40 Heavy Camel Rider
35:43 Conscription
35:37 Citadels
37:43 Thumb Ring
39:56 Two-Man Saw
39:28 Crop Rotation
38:37 Onager
40:11 Savar
41:53 Blast Furnace
41:17 Chain Barding Armor
44:55 Plate Barding Armor
44:37 Leather Archer Armor
44:10 Elite War Elephant
LordPRTKR
0:45 Loom
14:12 Feudal Age
18:59 Castle Age
18:38 Double-Bit Axe
18:40 Horse Collar
20:25 Heavy Plow
25:53 Bow Saw
31:17 Caravan
37:30 Imperial Age
34:54 Town Watch
35:03 Stone Mining
35:59 Gold Mining
36:31 Arson
36:46 Squires
38:14 Gambesons
38:47 Scale Barding Armor
38:43 Scale Mail Armor
39:30 Elite Conquistador
41:34 Husbandry
41:46 Bloodlines
42:20 Thumb Ring
41:43 Elite Skirmisher
44:08 Conscription
43:58 Padded Archer Armor
44:50 Onager
46:24 Chain Barding Armor
46:19 Chain Mail Armor
46:20 Leather Archer Armor
47:27 Chemistry
46:48 Ballistics
suvdan.77
0:50 Loom
12:13 Feudal Age
16:24 Castle Age
26:35 Double-Bit Axe
26:52 Gold Mining
31:27 Stone Mining
32:14 Gold Shaft Mining
31:53 Bow Saw
35:09 Imperial Age
32:08 Man-at-Arms
32:09 Pikeman
32:49 Squires
32:35 Gambesons
33:09 Forging
33:00 Scale Mail Armor
33:05 Scale Barding Armor
32:51 Fletching
33:03 Padded Archer Armor
33:44 Wheelbarrow
35:08 Hand Cart
35:34 Iron Casting
35:15 Chain Mail Armor
35:20 Chain Barding Armor
34:56 Bodkin Arrow
35:18 Leather Archer Armor
34:32 Long Swordsman
35:19 Husbandry
35:15 Cavalier
35:17 Two-Handed Swordsman
37:03 Chemistry
36:36 Plate Mail Armor
36:04 Champion
37:49 Blast Furnace
36:55 Caravan
36:35 Paladin
42:08 Plate Barding Armor
Connection lost

Rejoining the realm…

Still unreachable

The connection could not be restored.

Session expired

The server has moved on; the page needs a fresh start.